 Dungeon Crawl Stone Soup version 0.28.0-47-ge53b351184 (webtiles) character file.

Game seed: 7194778305507792363

5875 101zpm the Magician (level 10, 0/75 HPs)
             Began as a Gnoll Air Elementalist on Apr 25, 2022.
             Shot with an arrow by a centaur (8 damage)
             ... on level 10 of the Dungeon.
             The game lasted 00:26:06 (12644 turns).

101zpm the Magician (Gnoll Air Elementalist)       Turns: 12644, Time: 00:26:07

Health: 0/75       AC:  5    Str:  8    XL:     10   Next: 81%
Magic:  4/30       EV: 14    Int: 24    God:
Gold:   386        SH:  0    Dex: 13    Spells: 14/24 levels left

rFire   . . .      SeeInvis .     - Unarmed
rCold   . . .      Faith    .   (no shield)
rNeg    + + .      Spirit   .   F - +0 leather armour of Buteuck {rN++ Stlth-}
rPois   +          Reflect  .   (no helmet)
rElec   .          Harm     .   x - scarf {+Inv}
rCorr   .          Rampage  .   d - +0 pair of gloves
Will    +....                   (no boots)
Stlth   ++........              (no amulet)
HPRegen 0.22/turn               s - +6 ring of intelligence
MPRegen 0.22/turn               r - ring of Fun {*Slow rPois Will+ MP+9}

@: no status effects
A: fangs 1, strong nose, distributed training
a: Evoke Invisibility


You were on level 10 of the Dungeon.
You visited 1 branch of the dungeon, and saw 10 of its levels.
You also visited: Sewer.

You collected 386 gold pieces.

Inventory:

Hand Weapons
 l - a +1 mace of holy wrath
 K - a +2 battleaxe
Armour
 a - a +0 robe
 d - a +0 pair of gloves (worn)
 x - a scarf of invisibility (worn)
 F - the +0 leather armour of Buteuck (worn) {rN++ Stlth-}
   (You found it on level 8 of the Dungeon)

   rN:        It greatly protects you from negative energy.
   Stlth:     It makes you less stealthy.
Magical Staves
 q - a staff of fire
Jewellery
 c - a +4 ring of slaying
 r - the ring of Fun (right hand) {*Slow rPois Will+ MP+9}
   (You found it on level 5 of the Dungeon)

   [ring of magical power]

   rPois:     It protects you from poison.
   MP:        It affects your magic capacity (+9).
   *Slow:     It may slow you when you take damage.
   Will:      It increases your willpower.
 s - a +6 ring of intelligence (left hand)
 t - a +6 ring of intelligence
 E - a +4 ring of evasion
 G - an amulet of faith
 J - a ring of willpower
Wands
 v - a wand of digging (5)
 D - a wand of polymorph (7)
 L - a wand of acid (7)
Scrolls
 b - 2 scrolls of enchant armour
 e - 4 scrolls of noise
 h - 2 scrolls of identify
 i - 2 scrolls of immolation
 m - a scroll of summoning
 p - 4 scrolls of blinking
 u - a scroll of vulnerability
 w - 2 scrolls of teleportation
 y - a scroll of enchant weapon
 I - a scroll of fear {unknown}
Potions
 f - 3 potions of curing {unknown}
 g - 4 potions of mutation {unknown}
 j - 3 potions of might {unknown}
 k - 2 potions of resistance {unknown}
 n - 3 potions of attraction {unknown}
 o - 2 potions of ambrosia {unknown}
 z - 3 potions of flight
 A - 4 potions of heal wounds
 B - a potion of degeneration {unknown}
 C - 2 potions of lignification {unknown}
 M - a potion of berserk rage {unknown}
 N - a potion of magic {unknown}


   Skills:
 + Level 5.6 Fighting
 + Level 5.6 Short Blades
 + Level 5.6 Long Blades
 + Level 5.6 Axes
 + Level 5.6 Maces & Flails
 + Level 5.6 Polearms
 + Level 5.6 Staves
 + Level 5.6 Slings
 + Level 5.6 Bows
 + Level 5.6 Crossbows
 + Level 5.6 Throwing
 + Level 5.6 Armour
 + Level 7.3 Dodging
 + Level 7.1 Stealth
 + Level 5.6 Shields
 + Level 5.6 Unarmed Combat
 + Level 7.6 Spellcasting
 + Level 5.2 Conjurations
 + Level 4.6 Hexes
 + Level 4.6 Summonings
 + Level 4.6 Necromancy
 + Level 4.6 Translocations
 + Level 4.6 Transmutations
 + Level 4.6 Fire Magic
 + Level 4.6 Ice Magic
 + Level 7.3 Air Magic
 + Level 4.6 Earth Magic
 + Level 4.6 Poison Magic
 + Level 6.2 Invocations
 + Level 5.6 Evocations


You had 14 spell levels left.
You knew the following spells:

 Your Spells              Type           Power      Damage    Failure   Level
a - Shock                 Conj/Air       100%       1d9       1%          1
b - Static Discharge      Conj/Air       39%        N/A       1%          2
c - Swiftness             Air            44%        N/A       1%          3
d - Airstrike             Air            22%        N/A       4%          4

Your spell library contained the following spells:

 Spells                   Type           Power      Damage    Failure   Level
 Ensorcelled Hibernation  Hex/Ice        62%        N/A       1%          2
 Passwall                 Tmut/Erth      25%        N/A       1%          2
 Fulminant Prism          Conj/Hex       16%        3d11      12%         4
 Iskenderun's Mystic Bla  Conj/Tloc      32%        2d8       12%         4
 Iskenderun's Battlesphe  Conj           34%        2d9       30%         5
 Fireball                 Conj/Fire      16%        3d8       32%         5
 Lee's Rapid Deconstruct  Erth           15%        3d11*     36%         5
 Conjure Ball Lightning   Conj/Air       19%        3x3d6     73%         6
 Orb of Destruction       Conj           17%        9d7       100%        7


Dungeon Overview and Level Annotations

Branches:
Dungeon (10/15)            Temple (0/1) D:5            Lair (0/6) D:8
    Orc (0/2) D:10          Sewer (visited)

Altars:
Fedhas

Shops:
D:2 *   D:7 *

Annotations:
D:4 Edmund


Innate Abilities, Weirdness & Mutations

You have very sharp teeth.
Your uncanny sense of smell can sniff out nearby items.
Your experience applies equally to all skills.


Message History

The centaur shoots an arrow.
The arrow hits you!
* * * LOW HITPOINT WARNING * * *
Aiming: Shock (safe; 1% risk of failure)
Press: ? - help, Q - select action, (/) - cycle Shift-Dir - straight line, f - orc
Aim: an orc, wielding a +0 hand axe (almost dead, 74% to hit)
The zap hits the centaur.
The centaur is almost dead.
The zap misses the orc.
The zap hits the orc!
You kill the orc!
An orc wizard comes into view. It is wielding a +0 dagger.
The centaur shoots an arrow.
The arrow completely misses you.
Aiming: Shock (safe; 1% risk of failure)
Press: ? - help, Q - select action, (/) - cycle Shift-Dir - straight line, f - centaur
Aim: a centaur, wielding a +0 shortbow and quivering arrows (almost dead, 84% to hit)
Okay, then.
The centaur shoots an arrow.
The arrow barely misses you.
The centaur shoots an arrow.
The arrow closely misses you.
You hear a howl!
An orc comes into view.
It is wielding a +0 flail, wearing a +1 leather armour of willpower and quivering boomerangs of dispersal.
Items here: )))) [ ††.
The orc moves out of view.
Items here: ))) [[[ †.
Things that are here:
a +0 dagger of venom; a +0 robe; an orc corpse You hear the faint creaking of a very distant portcullis.
Aiming: Shock (safe; 1% risk of failure)
Press: ? - help, Q - select action, (/) - cycle Shift-Dir - straight line, f - centaur
Aim: a centaur, wielding a +0 shortbow and quivering arrows (almost dead, 84% to hit)
The zap hits the centaur but does no damage.
The centaur is almost dead.
The zap hits the centaur.
The centaur is almost dead.
Aiming: Shock (safe; 1% risk of failure)
Press: ? - help, Q - select action, (/) - cycle Shift-Dir - straight line, f/p - centaur
Aim: a centaur, wielding a +0 shortbow and quivering arrows (almost dead, 84% to hit)
The zap misses the centaur.
The centaur shoots an arrow.
The arrow hits you!
* * * LOW HITPOINT WARNING * * *
The centaur shoots an arrow.
The arrow hits you!
You die...

*,####.#)***+*,*****
*,,.#..o#* **,,,***
*,*,.)8.# *,8,+,*
*,**#)).# *,,,*,***
*,* #c#*******,**,,,,
##+###)#*,,,,,+,,,,,,,
#.(...)#*,*****,,,,,,,
#.....)#*,* *,,,,,,,
#....@.+,,* *,,,,,,,
#......#*** *,,,,,,,
#......# *****+**
####'### *,,* #.# *,**
##.# ****,* #..#
*,,,,* #.## **+****
###.##### *,,,,,*


You could see a centaur and an orc wizard.

Vanquished Creatures
  A troll (D:8)
  Prince Ribbit (D:7)
  A basilisk (D:8)
  4 wyverns (D:8)
  A steam dragon (D:8)
  Menkaure (D:4)
  An acid dragon (D:8)
  5 water moccasins
  An orc warrior (D:7)
  3 black bears
  An ice beast (D:5)
  A sky beast (D:6)
  An ogre (D:4)
  A wolf (D:8)
  A necrophage (D:7)
  3 phantoms
  4 centaurs (D:8)
  3 kobold brigands
  2 bullfrogs (D:8)
  2 scorpions
  2 wyvern zombies
  A wyvern skeleton (D:6)
  A gnoll sergeant (D:8)
  7 killer bees (D:8)
  5 wights (D:8)
  4 howler monkeys
  A bullfrog zombie (D:6)
  2 centaur zombies (D:8)
  10 orc priests
  3 jellies
  4 hounds
  An iguana (D:8)
  9 orc wizards
  A hound skeleton (D:5)
  A howler monkey zombie (D:8)
  6 gnolls
  9 adders
  3 river rats
  2 shadow imps
  4 white imps
  An ufetubus (D:4)
  An adder zombie (D:5)
  A worm (D:6)
  2 dart slugs (D:3)
  33 orcs
  2 endoplasms (D:3)
  2 giant cockroaches
  4 goblins
  4 hobgoblins
  4 jackals (D:3)
  5 quokkas
  7 ball pythons
  5 bats
  6 frilled lizards
  7 kobolds
  9 rats
207 creatures vanquished.

Vanquished Creatures (others)
  A slime creature (D:8)
  An orc (D:8)
  2 fungi (D:8)
  23 plants (D:8)
27 creatures vanquished.

Grand Total: 234 creatures vanquished

Notes
Turn   | Place    | Note
-------+----------+-------------------------------------------
     0 | D:1      | 101zpm the Gnoll Air Elementalist began the quest for the
                  | Orb.
     0 | D:1      | Reached XP level 1. HP: 13/13 MP: 6/6
   288 | D:1      | Reached XP level 2. HP: 19/19 MP: 3/7
   540 | D:1      | Found a faded altar of an unknown god.
  1145 | D:1      | Reached skill level 5 in Spellcasting
  1145 | D:1      | Reached XP level 3. HP: 10/25 MP: 0/9
  1401 | D:2      | Reached skill level 1 in Invocations
  1408 | D:2      | Reached skill level 1 in Fighting
  1408 | D:2      | Reached skill level 1 in Short Blades
  1408 | D:2      | Reached skill level 1 in Long Blades
  1408 | D:2      | Reached skill level 1 in Axes
  1408 | D:2      | Reached skill level 1 in Maces & Flails
  1408 | D:2      | Reached skill level 1 in Polearms
  1408 | D:2      | Reached skill level 1 in Staves
  1408 | D:2      | Reached skill level 1 in Slings
  1408 | D:2      | Reached skill level 1 in Bows
  1408 | D:2      | Reached skill level 1 in Crossbows
  1408 | D:2      | Reached skill level 1 in Throwing
  1408 | D:2      | Reached skill level 1 in Armour
  1408 | D:2      | Reached skill level 1 in Shields
  1408 | D:2      | Reached skill level 1 in Unarmed Combat
  1408 | D:2      | Reached skill level 1 in Evocations
  1408 | D:2      | Reached XP level 4. HP: 25/32 MP: 0/11
  1814 | D:2      | Found Xiylou Vido's Assorted Antiques.
  2002 | D:3      | Reached skill level 1 in Hexes
  2002 | D:3      | Reached skill level 1 in Summonings
  2002 | D:3      | Reached skill level 1 in Necromancy
  2002 | D:3      | Reached skill level 1 in Translocations
  2002 | D:3      | Reached skill level 1 in Transmutations
  2002 | D:3      | Reached skill level 1 in Fire Magic
  2002 | D:3      | Reached skill level 1 in Ice Magic
  2002 | D:3      | Reached skill level 1 in Earth Magic
  2002 | D:3      | Reached skill level 1 in Poison Magic
  2122 | D:3      | Noticed a water moccasin
  2142 | D:3      | Killed a water moccasin
  2143 | D:3      | Reached XP level 5. HP: 24/37 MP: 6/12
  2537 | D:3      | Reached XP level 6. HP: 42/44 MP: 4/13
  3203 | D:4      | Noticed Menkaure
  3478 | D:5      | Entered Level 5 of the Dungeon
  3478 | D:5      | Noticed Edmund
  3589 | D:4      | Reached skill level 5 in Dodging
  3753 | D:4      | Killed Menkaure
  3754 | D:4      | Reached XP level 7. HP: 16/50 MP: 4/15
  4404 | D:5      | Identified the ring of Fun {*Slow rPois Will+ MP+9}
  4573 | D:5      | Reached skill level 5 in Stealth
  4840 | D:5      | Learned a level 2 spell: Static Discharge
  4844 | D:5      | Learned a level 3 spell: Swiftness
  4849 | D:5      | Learned a level 4 spell: Airstrike
  4928 | D:5      | Found a staircase to the Ecumenical Temple.
  4980 | D:5      | Reached XP level 8. HP: 57/57 MP: 15/16
  5584 | D:6      | Found a glowing drain.
  5591 | Sewer    | Entered a sewer
  5754 | Sewer    | Found a white marble altar of Elyvilon.
  6689 | D:6      | Found a blossoming altar of Fedhas.
  7443 | D:7      | Reached XP level 9. HP: 60/65 MP: 18/18
  7565 | D:7      | Found Hurcho's Island Escapes.
  8296 | D:7      | Noticed Prince Ribbit
  8649 | D:8      | Identified the +0 leather armour of Buteuck {rN++ Stlth-}
  8887 | D:8      | Noticed a troll
  8918 | D:7      | Killed Prince Ribbit
  9416 | D:8      | Reached skill level 5 in Invocations
  9659 | D:8      | Reached XP level 10. HP: 73/73 MP: 3/20
  9874 | D:8      | Reached skill level 5 in Fighting
  9874 | D:8      | Reached skill level 5 in Short Blades
  9874 | D:8      | Reached skill level 5 in Long Blades
  9874 | D:8      | Reached skill level 5 in Axes
  9874 | D:8      | Reached skill level 5 in Maces & Flails
  9874 | D:8      | Reached skill level 5 in Polearms
  9874 | D:8      | Reached skill level 5 in Staves
  9874 | D:8      | Reached skill level 5 in Slings
  9874 | D:8      | Reached skill level 5 in Bows
  9874 | D:8      | Reached skill level 5 in Crossbows
  9874 | D:8      | Reached skill level 5 in Throwing
  9874 | D:8      | Reached skill level 5 in Armour
  9874 | D:8      | Reached skill level 5 in Shields
  9874 | D:8      | Reached skill level 5 in Unarmed Combat
  9874 | D:8      | Reached skill level 5 in Evocations
 10794 | D:8      | Noticed a two-headed ogre
 11107 | D:8      | Reached skill level 5 in Conjurations
 11805 | D:8      | Found a staircase to the Lair.
 12490 | D:10     | Entered Level 10 of the Dungeon
 12627 | D:10     | Found a staircase to the Orcish Mines.
 12644 | D:10     | Shot with an arrow by a centaur

Illustrated notes

Levels and vault maps discovered:
D:1:      dpeg_arrival_rooms_with_view, layout_basic, serial_forest,
          infiniplex_forest_straight_3, infiniplex_forest_clump_tiny,
          infiniplex_forest_corner_1, infiniplex_forest_clump_C,
          infiniplex_forest_join, infiniplex_forest_straight_1,
          infiniplex_forest_side_room, infiniplex_forest_clump_small,
          shapermc_ecumenical_altar_hornbeckon
D:2:      layout_basic, serial_shops, shop_fountains
D:3:      layout_basic
D:4:      layout_loops_cross, chequers_serial_rivers_marsh, uniq_menkaure
D:5:      layout_rooms, minmay_temple_entry_from_below_a,
          minmay_fractal_squares_gapless_5, uniq_edmund
D:6:      layout_layer_cave, kennysheep_mini_moat, lightli_sewer_entry_pipes
D:7:      layout_loops_ring, nicolae_island_escapes, uniq_prince_ribbit1
D:8:      nzn_winding_woodlands_medium [nzn_winding_woodlands_5x5_closed_star,
          nzn_winding_woodlands_5x15_split_checker,
          nzn_winding_woodlands_hourglass, nzn_winding_woodlands_5x5_perimeter,
          nzn_winding_woodlands_center_pierced_h,
          nzn_winding_woodlands_5x5_checkerboard,
          nzn_winding_woodlands_5x5_three, nzn_winding_woodlands_5x15_twine,
          nzn_winding_woodlands_5x5_default], layout_basic,
          minmay_lair_entry_grove
D:9:      layout_roguey
D:10:     layout_roguey, hiddenorc2_lemuel, enter_bailey_3, uniq_psyche

Skill      XL: |  1  2  3  4  5  6  7  8  9 10 |
---------------+-------------------------------+-----
Conjurations   | 2 3 4 5 |  5.2
Spellcasting   | 5 6 7 |  7.6
Invocations    | 1 2 3 4 5 6 |  6.2
Fighting       | 1 2 3 4 5 |  5.6
Short Blades   | 1 2 3 4 5 |  5.6
Long Blades    | 1 2 3 4 5 |  5.6
Axes           | 1 2 3 4 5 |  5.6
Maces & Flails | 1 2 3 4 5 |  5.6
Polearms       | 1 2 3 4 5 |  5.6
Staves         | 1 2 3 4 5 |  5.6
Slings         | 1 2 3 4 5 |  5.6
Bows           | 1 2 3 4 5 |  5.6
Crossbows      | 1 2 3 4 5 |  5.6
Throwing       | 1 2 3 4 5 |  5.6
Armour         | 1 2 3 4 5 |  5.6
Shields        | 1 2 3 4 5 |  5.6
Unarmed Combat | 1 2 3 4 5 |  5.6
Evocations     | 1 2 3 4 5 |  5.6
Hexes          | 1 2 3 4 |  4.6
Summonings     | 1 2 3 4 |  4.6
Necromancy     | 1 2 3 4 |  4.6
Translocations | 1 2 3 4 |  4.6
Transmutations | 1 2 3 4 |  4.6
Fire Magic     | 1 2 3 4 |  4.6
Ice Magic      | 1 2 3 4 |  4.6
Earth Magic    | 1 2 3 4 |  4.6
Poison Magic   | 1 2 3 4 |  4.6
Dodging        | 5 6 7 |  7.3
Stealth        | 5 6 7 |  7.1
Air Magic      | 6 7 |  7.3

Action                   |  1- 3 |  4- 6 |  7- 9 | 10-12 || total
-------------------------+-------+-------+-------+-------++-------
Melee: Unarmed           |     1 |       |     1 |       ||     2
 Cast: Shock             |    52 |   107 |   348 |   119 ||   626
       Airstrike         |       |       |    11 |    50 ||    61
  Use: Scroll            |       |       |       |    10 ||    10
Armor: Robe              |     3 |     6 |    31 |     3 ||    43
       Leather armour    |       |       |       |     3 ||     3
Dodge: Dodged            |     9 |    15 |   101 |    40 ||   165
